 Dungeon Crawl Stone Soup version 0.20.1-1-g8b1a95d (webtiles) character file.

7012 Peloso the Carver (level 10, -3/77 HPs)
             Began as a Demonspawn Fighter on Sept 3, 2017.
             Was a High Priest of Okawaru.
             Slain by a cyclops (8 damage)
             ... on level 11 of the Dungeon.
             The game lasted 00:17:34 (7270 turns).

Peloso the Carver (Demonspawn Fighter)              Turns: 7270, Time: 00:17:34

Health: -3/77      AC: 20    Str: 20    XL:     10   Next: 82%
Magic:  0/10       EV:  2    Int:  9    God:    Okawaru [*****.]
Gold:   691        SH:  0    Dex: 13    Spells: 9/9 levels left

rFire    + . .     SeeInvis .   a - +5 falchion
rCold    . . .     Gourm    .   O - +0 large shield {AC+3}
rNeg     + + +     Faith    .   M - +3 chain mail {rF+}
rPois    ∞         Spirit   +   R - +1 helmet
rElec    .         Reflect  +   D - +0 cloak
rCorr    .         Harm     .   (no gloves)
MR       .....                  (no boots)
Stlth    ..........             F - +4 amulet of reflection
Regen    0.3/turn               r - +5 ring of slaying
MPRegen  0.3/turn               (no ring)

@: petrified
A: hooves 1, nightstalker 1, magic shield, magic regeneration, magic link,
sturdy frame 1
a: Heroism, Finesse, Renounce Religion


You were on level 11 of the Dungeon.
You worshipped Okawaru.
Okawaru was extremely pleased with you.
You were not hungry.

You visited 2 branches of the dungeon, and saw 10 of its levels.

You collected 691 gold pieces.

Inventory:

Hand Weapons
 a - a +5 falchion (weapon)
 I - a +0 whip of flaming
Armour
 D - a +0 cloak (worn)
 M - a +3 chain mail of fire resistance (worn)
 O - a +0 large shield of protection (worn)
 R - a +1 helmet (worn)
Jewellery
 r - a +5 ring of slaying (left hand)
 y - a +4 amulet of reflection
 F - a +4 amulet of reflection (around neck)
Wands
 A - a wand of digging (5/24)
 L - a wand of flame (20/48)
Scrolls
 e - 2 scrolls of teleportation
 g - 2 scrolls of blinking
 h - 6 scrolls of identify
 k - 4 scrolls of amnesia
 m - 5 scrolls of remove curse
 o - a scroll of random uselessness {unknown}
 p - 2 scrolls of noise {unknown}
 t - a scroll of enchant armour {unknown}
 E - 3 scrolls of fear {unknown}
 H - a scroll of recharging {unknown}
 K - 2 scrolls of magic mapping {unknown}
 N - 2 scrolls of enchant weapon {unknown}
Potions
 b - a potion of berserk rage
 d - a potion of might
 j - 5 potions of curing {unknown}
 l - a potion of heal wounds {unknown}
 q - 3 potions of mutation {unknown}
 v - 2 potions of ambrosia {unknown}
 w - 3 potions of degeneration {unknown}
 x - 2 potions of brilliance {unknown}
 z - a potion of flight {unknown}
 C - 2 potions of lignification {unknown}
 J - a potion of haste {unknown}
Books
 c - a book of Frost

   Spells                             Type                      Level
   a - Freeze                         Ice                          1
   b - Throw Frost                    Conjuration/Ice              2
   c - Ozocubu's Armour               Charms/Ice                   3
   d - Throw Icicle                   Conjuration/Ice              4
   e - Summon Ice Beast               Ice/Summoning                4
 s - a book of Conjurations

   Spells                             Type                      Level
   a - Magic Dart                     Conjuration                  1
   b - Searing Ray                    Conjuration                  2
   c - Dazzling Spray                 Conjuration/Hexes            3
   d - Fulminant Prism                Conjuration/Hexes            4
   e - Force Lance                    Conjuration/Translocation    4
   f - Iskenderun's Mystic Blast      Conjuration                  4
 B - a book of Minor Magic

   Spells                             Type                      Level
   a - Magic Dart                     Conjuration                  1
   b - Blink                          Translocation                2
   c - Call Imp                       Summoning                    2
   d - Slow                           Hexes                        2
   e - Conjure Flame                  Conjuration/Fire             3
   f - Mephitic Cloud                 Conjuration/Poison/Air       3
 G - a book of Cantrips

   Spells                             Type                      Level
   a - Confusing Touch                Hexes                        1
   b - Animate Skeleton               Necromancy                   1
   c - Summon Small Mammal            Summoning                    1
   d - Apportation                    Translocation                1
 P - a book of Maledictions

   Spells                             Type                      Level
   a - Corona                         Hexes                        1
   b - Ensorcelled Hibernation        Hexes/Ice                    2
   c - Confuse                        Hexes                        3
   d - Tukima's Dance                 Hexes                        3
   e - Dazzling Spray                 Conjuration/Hexes            3
Comestibles
 f - 7 bread rations
 i - 5 meat rations
 n - 8 royal jellies
 u - 2 fruits
 Q - a chunk of flesh


   Skills:
 + Level 6.6 Fighting
 + Level 9.5 Long Blades
 + Level 7.0 Armour
 + Level 2.5 Dodging
 + Level 1.4 Stealth
 + Level 8.7 Shields


You had 9 spell levels left.
You didn't know any spells.

Dungeon Overview and Level Annotations

Branches:
Dungeon (8/15)             Temple (1/1) D:4
   Lair: D:8-11

Altars:
Ashenzari
Cheibriados
Fedhas
Gozag
Hepliaklqana
Kikubaaqudgha
Makhleb
Nemelex Xobeh
Okawaru
Qazlal
Ru
Trog
Uskayaw
Vehumet
Xom
Zin


Innate Abilities, Weirdness & Mutations

You have large cloven feet.
You are slightly more attuned to the shadows.
When hurt, damage is shared between your health and your magic reserves.
You regenerate magic rapidly.
When low on magic, you restore magic in place of health.
Your movements are slightly less encumbered by armour. (ER -2)


Message History

Okawaru accepts your kill.
The cyclops throws a large rock.
The large rock barely misses you.
Your limbs are stiffening.
You hit the cyclops.
The cyclops is lightly wounded.
The cyclops hits you.
The cyclops throws a large rock.
The large rock hits you!
You have turned to stone.
The cyclops hits you!!
* * * LOW HITPOINT WARNING * * *
The cyclops hits you.
* * * LOW HITPOINT WARNING * * *
The cyclops hits you.
* * * LOW HITPOINT WARNING * * *
The cyclops hits you but does no damage.
The cyclops hits you!
* * * LOW HITPOINT WARNING * * *
The cyclops hits you!!
* * * LOW HITPOINT WARNING * * *
The cyclops hits you!!
You die...

... #.# #..####.# .......#
......#+#### #######
#<.........# #.:...#
###.####.....# #.....#
.............# #.....####
...#.###.....######.....)..###
......†........C@C'....$..$.>#
...#(###.....######........#(#
...#.# #####.# #..P..#...#.#
...... #.# ...rl♣....###h#
##..... #.. P..[.....P.##.#
#... #........P......YC# #...
#......C..P.......#
#....♣......♣...♣.Y
#.P....♣...P.PPPl


You could see 2 cyclopes.

Vanquished Creatures
  A two-headed ogre (D:8)
  Pikel (D:5)
  2 hippogriffs (D:7)
  A shadow (D:8)
  6 yaks (D:11)
  2 hungry ghosts
  A human (D:7)
  4 hogs (D:7)
  2 basilisks (D:11)
  2 steam dragons (D:8)
  A water moccasin (D:7)
  3 porcupines (D:11)
  Duvessa (D:5)
  A black bear (D:8)
  An ice beast (D:7)
  2 orc warriors
  2 ogres
  2 sky beasts
  3 centaurs
  2 crocodiles (D:11)
  A big kobold (D:5)
  3 bullfrogs
  Dowan (D:5)
  4 wights (D:8)
  A howler monkey (D:8)
  2 crimson imps
  A quasit (D:8)
  A bullfrog skeleton (D:7)
  A centaur skeleton (D:8)
  A gnoll shaman (D:6)
  An orc priest (D:5)
  4 hounds
  A jelly (D:8)
  2 orc wizards
  Crazy Yiuf (D:3)
  Jessica (D:2)
  5 worker ants
  2 hound skeletons
  A worker ant zombie (D:6)
  14 adders
  A howler monkey skeleton (D:6)
  2 shadow imps
  2 oozes
  An adder zombie (D:6)
  2 adder skeletons
  A worm (D:2)
  4 dart slugs
  5 leopard geckos
  17 orcs
  A ball python (D:6)
  5 bats
  6 giant cockroaches
  5 goblins
  8 hobgoblins
  5 jackals (D:1)
  28 kobolds
  A quokka (D:4)
  6 frilled lizards
  18 rats
206 creatures vanquished.

Vanquished Creatures (others)
  A centaur (D:7)
  A crimson imp (D:5)
  A bullfrog zombie (D:5)
  A centaur skeleton (D:5)
  2 orcs (D:5)
  A giant cockroach (D:5)
  A bush (D:11)
  2 fungi (D:11)
  9 plants
19 creatures vanquished.

Grand Total: 225 creatures vanquished

Notes
Turn   | Place    | Note
-------+----------+-------------------------------------------
     0 | D:1      | Peloso the Demonspawn Fighter began the quest for the Orb.
     0 | D:1      | Reached XP level 1. HP: 18/18 MP: 1/1
   341 | D:1      | Gained mutation: When hurt, damage is shared between your health and your magic reserves. [demonic ancestry]
   341 | D:1      | Reached XP level 2. HP: 24/24 MP: 2/2
   572 | D:1      | Reached skill level 2 in Long Blades
   659 | D:1      | Reached XP level 3. HP: 29/29 MP: 3/3
  1102 | D:2      | Noticed Jessica
  1112 | D:2      | Killed Jessica
  1112 | D:2      | Gained mutation: You regenerate magic rapidly. [demonic ancestry]
  1112 | D:2      | Reached XP level 4. HP: 29/35 MP: 2/4
  1177 | D:2      | Reached skill level 3 in Long Blades
  1615 | D:2      | Found a faded altar of an unknown god.
  1818 | D:2      | Gained mutation: You have large cloven feet. [demonic ancestry]
  1818 | D:2      | Reached XP level 5. HP: 32/41 MP: 5/5
  1998 | D:3      | Found a runed door.
  2317 | D:3      | Found an opulent altar of Gozag.
  2609 | D:3      | Noticed Crazy Yiuf
  2613 | D:3      | Killed Crazy Yiuf
  2853 | D:4      | Found a shattered altar of Ashenzari.
  2958 | D:4      | Found a staircase to the Ecumenical Temple.
  2974 | Temple   | Entered the Ecumenical Temple
  2985 | Temple   | Became a worshipper of Warmaster Okawaru
  3165 | D:4      | Noticed a centaur
  3170 | D:4      | Killed a centaur
  3170 | D:4      | Gained mutation: You are slightly more attuned to the shadows. [demonic ancestry]
  3170 | D:4      | Reached XP level 6. HP: 44/48 MP: 4/6
  3222 | D:4      | Reached skill level 4 in Long Blades
  3572 | D:5      | Entered Level 5 of the Dungeon
  3638 | D:5      | Noticed a slave
  3638 | D:5      | Noticed a slave
  3638 | D:5      | Noticed a slave
  3639 | D:5      | Noticed Pikel
  3642 | D:5      | Noticed a slave
  3648 | D:5      | Killed Pikel
  3648 | D:5      | Reached * piety under Okawaru
  3648 | D:5      | Reached ** piety under Okawaru
  3648 | D:5      | Reached skill level 5 in Armour
  3648 | D:5      | Reached skill level 1 in Dodging
  3648 | D:5      | Reached skill level 1 in Stealth
  3648 | D:5      | Gained mutation: Your movements are slightly less encumbered by armour. (ER -2) [demonic ancestry]
  3648 | D:5      | Reached XP level 7. HP: 31/55 MP: 5/7
  3680 | D:5      | Reached skill level 5 in Long Blades
  3807 | D:5      | Reached skill level 5 in Fighting
  3807 | D:5      | Gained mutation: When low on magic, you restore magic in place of health. [demonic ancestry]
  3807 | D:5      | Reached XP level 8. HP: 45/62 MP: 5/8
  3907 | D:5      | Noticed Duvessa
  3907 | D:5      | Noticed Dowan
  3912 | D:5      | Killed Dowan
  3926 | D:5      | Killed Duvessa
  4823 | D:5      | Reached skill level 5 in Shields
  4927 | D:6      | Reached *** piety under Okawaru
  5003 | D:6      | Found a hazy altar of Hepliaklqana.
  5054 | D:6      | Reached skill level 6 in Long Blades
  5075 | D:6      | Found a stormy altar of Qazlal.
  5134 | D:6      | Found a burning altar of Makhleb.
  5647 | D:6      | Reached XP level 9. HP: 57/68 MP: 9/9
  5765 | D:7      | Found a blossoming altar of Fedhas.
  5810 | D:7      | Reached **** piety under Okawaru
  5821 | D:7      | Reached skill level 7 in Long Blades
  6207 | D:7      | Reached skill level 8 in Long Blades
  6319 | D:8      | Reached XP level 10. HP: 67/76 MP: 10/10
  6326 | D:8      | Reached ***** piety under Okawaru
  6375 | D:8      | Noticed a two-headed ogre
  6381 | D:8      | Killed a two-headed ogre
  7055 | D:8      | You fall through a shaft for 3 floors!
  7064 | D:11     | Noticed a cyclops
  7080 | D:11     | Reached skill level 9 in Long Blades
  7225 | D:11     | Noticed a cyclops
  7270 | D:11     | Slain by a cyclops

Skill      XL: |  1  2  3  4  5  6  7  8  9 10 |
---------------+-------------------------------+-----
Long Blades    | 2 3 4 5 6 8 9 |  9.5
Armour         | 3 4 5 6 7 |  7.0
Shields        | 3 4 5 7 8 |  8.7
Fighting       | 4 5 6 |  6.6
Dodging        | 1 2 |  2.5
Stealth        | 1 |  1.4

Action                   |  1- 3 |  4- 6 |  7- 9 | 10-12 || total
-------------------------+-------+-------+-------+-------++-------
Melee: Long sword        |   121 |   122 |   214 |       ||   457
       Kick              |       |    31 |    85 |    42 ||   158
       Falchion          |       |       |    42 |   110 ||   152
  Use: Scroll            |       |       |     6 |     2 ||     8
  Eat: Chunk             |       |     8 |    15 |     3 ||    26
Armor: Scale mail        |    64 |    40 |    12 |       ||   116
       Chain mail        |       |       |    88 |    17 ||   105
Dodge: Dodged            |    44 |    16 |    38 |    11 ||   109
Block: Shield            |    46 |    72 |   102 |       ||   220
       Reflection        |       |     1 |    12 |     1 ||    14
       Large shield      |       |       |   153 |    96 ||   249
       Rpst.: Long sword |    15 |     4 |    10 |       ||    29
       Falchion          |       |       |     1 |     3 ||     4
